 Dungeon Crawl Stone Soup version 0.23.0-3-gf3c87f2 (webtiles) character file.

Game seed: 14096544313997781492

92836 Kairos the Cleaver (level 16, -2/85 HPs)
             Began as a Vine Stalker Fighter on Feb 24, 2019.
             Was the Champion of Cheibriados.
             Slain by a very large slime creature (32 damage)
             ... on level 3 of the Swamp.
             The game lasted 01:19:01 (18374 turns).

Kairos the Cleaver (Vine Stalker Fighter)          Turns: 18374, Time: 01:19:03

Health: -2/85      AC: 19    Str: 39    XL:     16   Next: 7%
Magic:  0/32       EV: 17    Int: 27    God:    Cheibriados [******]
Gold:   1159       SH: 16    Dex: 33    Spells: 3/15 levels left

rFire    x . .     SeeInvis .   a - +0 war axe
rCold    + + .     Gourm    .   c - +0 shield
rNeg     . . .     Faith    .   G - +0 ice dragon scales
rPois    +         Spirit   +   D - +1 hat {Int+3}
rElec    .         Reflect  .   (no cloak)
rCorr    .         Harm     .   x - +2 pair of gloves {Dex+3}
MR       ++...                  u - +2 pair of boots
Stlth    +++++.....             (no amulet)
HPRegen  1.04/turn              p - ring of magical power
MPRegen  0.23/turn              O - ring of poison resistance

@: very slow
A: fangs 3, regeneration 2, magic shield, antimagic bite, no potion heal 3, rot
immunity
a: Bend Time, Temporal Distortion, Slouch, Step From Time, Renounce Religion


You were on level 3 of the Swamp.
You worshipped Cheibriados.
Cheibriados was exalted by your worship.
You were not hungry.

You visited 4 branches of the dungeon, and saw 22 of its levels.
You also visited: Ice Cave.

You collected 2328 gold pieces.
You spent 1169 gold pieces at shops.

Inventory:

Hand Weapons
 a - a +0 war axe (weapon)
 A - a +1 flail of holy wrath
 B - a +2 whip of electrocution
 M - the +3 short sword "Uduypr Cupt" {pierce, +Fly rPois rC- MR+}
   (You bought it in a shop on level 2 of the Orcish Mines)

   It inflicts extra damage upon your enemies.
   It makes you vulnerable to cold.
   It protects you from poison.
   It affects your resistance to hostile enchantments.
   It lets you fly.
Missiles
 g - 54 tomahawks (quivered)
Armour
 c - a +0 shield (worn)
 u - a +2 pair of boots (worn)
 x - a +2 pair of gloves of dexterity (worn)
 D - a +1 hat of intelligence (worn)
 G - +0 ice dragon scales (worn)
 Q - a +4 chain mail of fire resistance
 T - the +4 chain mail of Tefael {Dex+3}
   (You bought it in a shop on level 2 of the Orcish Mines)

   It affects your dexterity (+3).
Jewellery
 p - a ring of magical power (left hand)
 q - an uncursed ring of fire
 E - an uncursed ring of flight
 H - an uncursed ring of protection from cold
 L - the ring "Oczyted" {rN+ Slay+3}
   (You found it on level 6 of the Lair of Beasts)

   [ring of positive energy]

   It affects your accuracy and damage with ranged weapons and melee attacks
   (+3).
   It protects you from negative energy.
 O - a ring of poison resistance (right hand)
 R - an uncursed amulet of regeneration
 V - a +3 amulet of reflection
Wands
 o - a wand of digging (6)
 J - a wand of polymorph (8)
 K - a wand of flame (21)
 Y - a wand of paralysis (12)
Scrolls
 b - a scroll of enchant weapon
 e - 10 scrolls of remove curse
 l - a scroll of identify
 m - 8 scrolls of teleportation
 n - 2 scrolls of blinking
 t - 2 scrolls of fog
 v - 3 scrolls of enchant armour
 w - 3 scrolls of fear
 y - a scroll of torment {unknown}
 z - 4 scrolls of magic mapping
 C - 2 scrolls of holy word
 U - a scroll of silence {unknown}
Potions
 d - a potion of might
 h - 4 potions of lignification {unknown}
 i - 4 potions of flight
 j - 5 potions of heal wounds {unknown}
 k - 2 potions of mutation {unknown}
 r - 3 potions of degeneration {unknown}
 s - a potion of resistance
 F - 4 potions of haste {unknown}
 I - 4 potions of brilliance {unknown}
 W - a potion of agility {unknown}
 X - a potion of curing {unknown}
Comestibles
 f - 43 rations


   Skills:
 + Level 9.8 Fighting
 + Level 2.3 Short Blades
 + Level 13.8(13.9) Axes
 - Level 1.2(9.3) Maces & Flails
 + Level 1.6 Throwing
 + Level 7.9 Armour
 + Level 6.5 Dodging
 + Level 13.7 Stealth
 + Level 10.8 Shields
 * Level 9.0 Invocations


You had 3 spell levels left.
You knew the following spells:

 Your Spells              Type           Power        Failure   Level  Hunger
a - Blink                 Tloc           N/A          50%         2    ###....
b - Silence               Hex/Air        #.........   100%        5    ######.
c - Slow                  Hex            #.......     50%         2    ###....
d - Mephitic Cloud        Conj/Pois/Air  #.......     73%         3    ####...

Your spell library contained the following spells:

 Spells                   Type           Power        Failure   Level  Hunger
 Magic Dart               Conj           #...         36%         1    ##.....
 Shock                    Conj/Air       #...         36%         1    ##.....
 Summon Butterflies       Summ           #.......     36%         1    ##.....
 Call Imp                 Summ           #.......     50%         2    ###....
 Call Canine Familiar     Summ           #.......     73%         3    ####...
 Conjure Flame            Conj/Fire      #.......     73%         3    ####...
 Ozocubu's Armour         Chrm/Ice       #.......     73%         3    ####...
 Summon Ice Beast         Ice/Summ       #.......     98%         4    #####..
 Summon Lightning Spire   Summ/Air       #.......     98%         4    #####..
 Summon Mana Viper        Hex/Summ       #.......     100%        5    ######.
 Summon Hydra             Summ           #.........   100%        7    #######


Dungeon Overview and Level Annotations

Branches:
Dungeon (11/15)            Temple (0/1) D:6            Lair (6/6) D:11
  Swamp (3/4) Lair:2        Snake (0/4) Lair:3        Slime (0/5) Lair:5
    Orc (2/2) D:11            Elf (0/3) Orc:2

Altars:
Ashenzari
Cheibriados
Dithmenos
Qazlal
Sif Muna
Trog
Vehumet
Xom
Yredelemnul
Zin
Beogh

Shops:
D:5 %   D:6 }   Orc:2 }=([=

Portals:
Trove: D:11 (show slimy rune of Zot)


Innate Abilities, Weirdness & Mutations

You have razor-sharp teeth.
You heal very quickly.
When hurt, damage is shared between your health and your magic reserves.
Your bite disrupts and absorbs the magic of your enemies.
Potions cannot restore your health.
You are immune to rotting.


Message History

The slime creature is almost dead.
You slice the very large slime creature!!
You block the slime creature's attack.
The very large slime creature hits you!!
You are too injured to fight recklessly!
You are too injured to fight recklessly!
Unknown command.
Unknown command.
You are too injured to fight recklessly!
You are too injured to fight recklessly!
Unknown command.
You are too injured to fight recklessly!
Unknown command.
The flow of time bends around you.
The slime creature resists with some effort.
Cheibriados rebukes the very large slime creature.
The very large slime creature seems to slow down.
You feel slightly more hungry. You block the slime creature's attack.
The very large slime creature hits you!!!
You die...

≈.≈♣♣≈≈≈≈.♣♣♣.≈≈≈≈≈....♣
≈♣♣♣♣≈≈≈≈.♣ ♣♣..≈≈≈≈..♣♣♣
≈≈≈≈♣..§♣♣♣ ♣≈≈.§≈≈≈..≈♣ ♣♣♣
.§.♣♣≈.♣≈≈♣♣ ♣....≈≈≈≈..♣ ♣..
..≈♣♣≈.≈≈..♣ ♣♣♣≈.≈≈≈≈..♣ ♣..
♣♣♣...♣..[♣♣♣♣♣........♣♣♣♣♣♣♣♣..
♣.≈.≈♣♣♣♣.≈..≈.♣♣♣♣♣♣...≈♣...≈≈
♣≈≈≈.♣ ♣♣$.≈≈≈.♣ ♣≈≈≈..≈≈≈≈≈
♣.≈≈≈.♣ ♣...≈≈≈@♣ ♣§≈≈≈.≈≈≈≈≈
♣.≈≈≈.♣ ♣.≈....JJ.≈≈♣♣♣.≈≈.♣♣♣♣≈
♣.≈≈≈≈. ..≈?.♣.......♣♣♣♣.≈♣ ≈
♣♣.≈≈..≈.....≈.≈≈.≈≈♣♣ ♣♣♣♣ ≈
♣♣...≈≈.♣♣≈.≈.≈....≈≈ .
≈.≈♣♣..≈≈.≈.. .≈≈≈ ≈≈≈≈≈≈..≈ ≈♣≈≈
≈≈♣≈≈≈.≈≈


You could see a very large slime creature and a slime creature.

Vanquished Creatures
  Gastronok (D:8)
  An orc warlord (Orc:2)
  A stone giant (Orc:2)
  10 hydras
  An ice dragon (Lair:6)
  A catoblepas (Lair:6)
  2 two-headed ogres
  10 alligators
  2 death yaks
  An orc high priest (Orc:2)
  2 orc knights (Orc:2)
  A lindwurm (Lair:6)
  2 wolf spiders (Lair:4)
  3 orc sorcerers (Orc:2)
  An ugly thing (IceCv)
  A cyclops (Orc:1)
  A centaur zombie (D:10)
  2 ice statues (IceCv)
  4 black mambas
  4 elephants
  18 spiny frogs
  7 torpor snails
  2 gargoyles
  14 komodo dragons
  3 rime drakes
  5 trolls
  12 polar bears
  15 hornets
  7 blink frogs
  7 tyrant leeches
  7 bog bodies
  2 raiju (Lair:6)
  18 dream sheep
  6 slime creatures
  9 hippogriffs
  5 spriggans
  2 wyverns
  75 yaks
  2 basilisks
  2 hungry ghosts
  6 vampire mosquitoes
  Edmund (D:4)
  10 swamp worms
  10 wargs
  15 hell hounds (Lair:6)
  An acid dragon (D:11)
  16 ice beasts
  2 swamp drakes (Swamp:2)
  14 water moccasins
  26 orc warriors
  2 porcupines
  An eye of draining (D:10)
  2 sky beasts
  13 black bears
  5 phantoms
  A hornet zombie (D:7)
  6 ogres
  24 wolves
  7 centaurs
  11 crocodiles
  17 bullfrogs
  2 big kobolds
  A gnoll sergeant (D:7)
  3 scorpions
  12 wights
  8 howler monkeys
  An electric eel (Lair:2)
  3 crimson imps
  A bullfrog zombie (D:5)
  A quasit (D:10)
  16 jellies
  19 orc priests
  4 centaur skeletons
  6 hounds
  2 iguanas
  15 orc wizards
  5 worker ants
  3 hound skeletons
  2 worker ant zombies
  8 gnolls
  A howler monkey skeleton (D:11)
  15 adders
  4 shadow imps
  5 oozes
  3 adder zombies
  An adder skeleton (D:4)
  4 worms (D:2)
  3 dart slugs
  8 leopard geckos
  95 orcs
  5 ball pythons
  3 giant cockroaches
  5 goblins
  6 hobgoblins
  8 jackals
  3 quokkas
  7 bats
  4 frilled lizards
  2 jackal skeletons (D:4)
  13 kobolds
  7 rats
  A fungus (Lair:6)
  A plant (Lair:6)
775 creatures vanquished.

Vanquished Creatures (others)
  An ugly thing (IceCv)
  2 slime creatures (Swamp:2)
  An orc (D:3)
  8 fungi
  9 plants (Lair:6)
21 creatures vanquished.

Grand Total: 796 creatures vanquished

Notes
Turn   | Place    | Note
-------+----------+-------------------------------------------
     0 | D:1      | Kairos the Vine Stalker Fighter began the quest for the
                  | Orb.
     0 | D:1      | Reached XP level 1. HP: 11/11 MP: 2/2
    20 | D:1      | Reached XP level 2. HP: 12/16 MP: 3/3
   120 | D:1      | Reached XP level 3. HP: 14/19 MP: 4/4
   572 | D:2      | Gained mutation: Your natural rate of healing is unusually
                  | fast. [Vine Stalker growth]
   572 | D:2      | Reached XP level 4. HP: 15/24 MP: 5/5
   688 | D:2      | Found a snail-covered altar of Cheibriados.
   998 | D:2      | Became a worshipper of Cheibriados the Contemplative
  1210 | D:3      | Reached XP level 5. HP: 13/28 MP: 2/6
  1215 | D:3      | Reached * piety under Cheibriados
  1929 | D:4      | Noticed an ogre
  1936 | D:4      | Killed an ogre
  1936 | D:4      | Reached XP level 6. HP: 20/32 MP: 5/7
  1995 | D:4      | Noticed a phantom
  2007 | D:4      | Killed a phantom
  2007 | D:4      | Reached skill level 1 in Dodging
  2036 | D:4      | Found a stormy altar of Qazlal.
  2042 | D:4      | Reached ** piety under Cheibriados
  2080 | D:4      | Reached XP level 7. HP: 37/37 MP: 8/8
  2134 | D:4      | Found a transporter.
  2204 | D:4      | Found a transporter.
  2299 | D:4      | Reached skill level 5 in Axes
  2521 | D:4      | Noticed Edmund
  2532 | D:4      | Killed Edmund
  2532 | D:4      | Gained mutation: You have razor-sharp teeth. [Vine Stalker
                  | growth]
  2532 | D:4      | Reached XP level 8. HP: 26/42 MP: 9/9
  2548 | D:4      | Found a shattered altar of Ashenzari.
  2771 | D:5      | Entered Level 5 of the Dungeon
  2849 | D:5      | Reached *** piety under Cheibriados
  2993 | D:5      | Found Voyl's Food Emporium.
  3034 | D:5      | Reached skill level 1 in Stealth
  3321 | D:5      | Reached XP level 9. HP: 40/46 MP: 10/10
  3455 | D:5      | Reached skill level 1 in Invocations
  3625 | D:5      | Learned a level 2 spell: Blink
  3682 | D:6      | Found a staircase to the Ecumenical Temple.
  3731 | D:6      | Reached skill level 5 in Shields
  3755 | D:6      | Reached skill level 5 in Fighting
  3810 | D:6      | Found a basalt altar of Yredelemnul.
  3906 | D:6      | Reached **** piety under Cheibriados
  3943 | D:6      | Found Gaguagac's Gadget Boutique.
  4892 | D:7      | Found a shimmering altar of Xom.
  4949 | D:7      | Found a deep blue altar of Sif Muna.
  4949 | D:7      | Found a glowing silver altar of Zin.
  5224 | D:8      | Noticed a hornet
  5232 | D:8      | Paralysed by a hornet for 1 turns
  5238 | D:8      | Killed a hornet
  5238 | D:8      | Reached XP level 10. HP: 39/51 MP: 12/12
  5412 | D:8      | Noticed Gastronok
  5428 | D:8      | Killed Gastronok
  5428 | D:8      | Reached skill level 5 in Armour
  5428 | D:8      | Reached skill level 5 in Stealth
  5551 | D:8      | Found a shadowy altar of Dithmenos.
  5819 | D:9      | Reached ***** piety under Cheibriados
  6078 | D:9      | Reached XP level 11. HP: 52/56 MP: 14/14
  6314 | D:9      | Found a radiant altar of Vehumet.
  6315 | D:9      | Found a bloodstained altar of Trog.
  6523 | D:10     | Entered Level 10 of the Dungeon
  6526 | D:10     | Noticed a five-headed hydra
  6619 | D:10     | Killed a five-headed hydra
  6619 | D:10     | Reached skill level 10 in Axes
  6673 | D:10     | Reached skill level 1 in Maces & Flails
  7025 | D:10     | Noticed a two-headed ogre
  7029 | D:10     | Killed a two-headed ogre
  7136 | D:10     | Identified Gikleil's Grimoire of Gliding Cold
  7449 | D:11     | Reached skill level 1 in Short Blades
  7567 | D:11     | Found a portal to a secret trove of treasure.
  7615 | D:11     | Found a staircase to the Orcish Mines.
  7628 | D:11     | Noticed a death yak
  7647 | D:11     | Killed a death yak
  7670 | D:11     | Gained mutation: You heal very quickly. [Vine Stalker
                  | growth]
  7670 | D:11     | Reached XP level 12. HP: 42/62 MP: 15/15
  7679 | D:11     | Found a staircase to the Lair.
  7831 | D:11     | Found a roughly hewn altar of Beogh.
  8056 | D:11     | Reached ****** piety under Cheibriados
  8145 | Lair:1   | Entered Level 1 of the Lair of Beasts
  8987 | Lair:2   | Reached skill level 10 in Stealth
  9139 | Lair:2   | Found a staircase to the Swamp.
  9158 | Lair:2   | Reached XP level 13. HP: 12/67 MP: 10/17
  9338 | Lair:2   | Reached skill level 1 in Throwing
 10042 | Lair:3   | Found a staircase to the Snake Pit.
 10765 | Lair:4   | Identified the +9 quarterstaff of Woptoalu {crush, rC++
                  | MR+} (You found it on level 4 of the Lair of Beasts)
 10887 | Lair:4   | Reached skill level 5 in Dodging
 11627 | Lair:5   | Reached skill level 5 in Invocations
 11699 | Lair:5   | Found a staircase to the Slime Pits.
 11752 | Lair:5   | Learned a level 5 spell: Silence
 11755 | Lair:5   | Learned a level 2 spell: Slow
 11759 | Lair:5   | Learned a level 3 spell: Mephitic Cloud
 12645 | Lair:6   | Entered Level 6 of the Lair of Beasts
 12795 | Lair:5   | Reached XP level 14. HP: 15/74 MP: 17/18
 13644 | Lair:6   | Identified the ring "Oczyted" {rN+ Slay+3} (You found it on
                  | level 6 of the Lair of Beasts)
 13952 | Lair:6   | Found a runed translucent door.
 13980 | Lair:6   | Paralysed by a hornet for 2 turns
 14039 | Lair:6   | Paralysed by a hornet for 2 turns
 14147 | Lair:6   | Paralysed by a hornet for 3 turns
 14158 | Lair:6   | Paralysed by a hornet for 3 turns
 14376 | Lair:6   | Reached XP level 15. HP: 56/79 MP: 20/21
 14617 | Orc:1    | Entered Level 1 of the Orcish Mines
 14684 | Orc:1    | Found a frozen archway.
 14698 | IceCv    | Entered an ice cave
 14700 | IceCv    | Found a transporter.
 14717 | IceCv    | Reached skill level 10 in Shields
 14752 | IceCv    | Found a transporter.
 15289 | Orc:2    | Entered Level 2 of the Orcish Mines
 15355 | Orc:2    | Found Efa Imm's Jewellery Shop.
 15454 | Orc:2    | Found a roughly hewn altar of Beogh.
 15670 | Orc:2    | Found a roughly hewn altar of Beogh.
 15764 | Orc:2    | Noticed an orc warlord
 15894 | Orc:2    | Killed an orc warlord
 15934 | Orc:2    | Found a roughly hewn altar of Beogh.
 15934 | Orc:2    | Found Egesaloxt's Antique Armour Shop.
 15937 | Orc:2    | Found Batowet's Antique Weapon Boutique.
 16020 | Orc:2    | Found a roughly hewn altar of Beogh.
 16023 | Orc:2    | Found Conin's Jewellery Emporium.
 16049 | Orc:2    | Bought a cursed ring of attention for 58 gold pieces
 16077 | Orc:2    | Found a roughly hewn altar of Beogh.
 16097 | Orc:2    | Found a staircase to the Elven Halls.
 16228 | Orc:2    | Found a roughly hewn altar of Beogh.
 16229 | Orc:2    | Found Moten's Gadget Shoppe.
 16283 | Orc:2    | Found a roughly hewn altar of Beogh.
 16398 | Orc:2    | Bought a smoking leather armour for 245 gold pieces
 16414 | Orc:2    | Identified the cursed +0 leather armour of Dishonour {rPois
                  | Str+3} (You bought it in a shop on level 2 of the Orcish
                  | Mines)
 16421 | Orc:2    | Bought a twisted chain mail for 332 gold pieces
 16421 | Orc:2    | Bought a pair of embroidered gloves for 262 gold pieces
 16426 | Orc:2    | Identified the +4 chain mail of Tefael {Dex+3} (You bought
                  | it in a shop on level 2 of the Orcish Mines)
 16442 | Orc:2    | Bought a brightly glowing short sword for 272 gold pieces
 16444 | Orc:2    | Identified the +3 short sword "Uduypr Cupt" {pierce, +Fly
                  | rPois rC- MR+} (You bought it in a shop on level 2 of the
                  | Orcish Mines)
 16689 | Swamp:1  | Entered Level 1 of the Swamp
 18065 | Swamp:2  | Reached XP level 16. HP: 79/85 MP: 23/23
 18374 | Swamp:3  | Slain by a very large slime creature

Skill      XL: |  1  2  3  4  5  6  7  8  9 10 11 12 13 14 15 16 |
---------------+-------------------------------------------------+-----
Axes           | 2 3 4 5 7 8 9 10 11 12 13 | 13.8
Shields        | 3 4 5 6 7 8 9 10 | 10.8
Fighting       | 3 4 5 6 7 8 9 |  9.8
Armour         | 3 4 5 6 7 |  7.9
Dodging        | 1 2 3 4 5 6 |  6.5
Stealth        | 1 3 6 8 10 12 13 | 13.7
Invocations    | 1 3 4 5 7 8 9 |  9.0
Maces & Flails | 1 |  1.2
Short Blades   | 1 2 |  2.3
Throwing       | 1 |  1.6

Action                   |  1- 3 |  4- 6 |  7- 9 | 10-12 | 13-15 | 16-18 || total
-------------------------+-------+-------+-------+-------+-------+-------++-------
Melee: War axe           |   101 |   126 |   288 |   383 |   908 |    38 ||  1844
       Bite              |    31 |    40 |   147 |   270 |   681 |    25 ||  1194
       Whip              |       |       |       |    43 |   101 |     3 ||   147
       Dagger            |       |       |       |    38 |    97 |       ||   135
Throw: Tomahawk          |       |     6 |       |     4 |    10 |       ||    20
Invok: Bend Time         |       |       |     9 |    29 |    89 |     1 ||   128
  Use: Scroll            |       |     4 |       |    12 |    10 |     1 ||    27
       Potion            |       |       |       |     2 |     1 |       ||     3
 Stab: Sleeping          |       |       |     4 |    22 |    47 |     1 ||    74
       Distracted        |       |       |     3 |       |     5 |       ||     8
       Petrified         |       |       |       |       |     1 |       ||     1
       Confused          |       |       |       |       |     3 |       ||     3
  Eat: Chunk             |       |     2 |     7 |     5 |    12 |     2 ||    28
       Ration            |       |       |       |     2 |     4 |       ||     6
Armor: Scale mail        |    38 |    31 |       |       |       |       ||    69
       Ring mail         |       |    27 |    80 |   132 |   254 |       ||   493
       Ice dragon scales |       |       |       |       |    46 |     6 ||    52
       Chain mail        |       |       |       |       |    42 |       ||    42
Dodge: Dodged            |    38 |    41 |   115 |   233 |   619 |    21 ||  1067
Block: Shield            |    68 |    69 |   150 |   311 |  1002 |    32 ||  1632
